[Event "*** Titled Tuesday Blitz"]
[Site "Chess.com"]
[Date "2021.04.27"]
[Round "3"]
[White "kakarot_001"]
[Black "aa175"]
[Result "1-0"]
[WhiteElo "2706"]
[BlackElo "2436"]
[TimeControl "180+1"]
[EndTime "10:27:35 PDT"]
[Termination "kakarot_001 won on time"]

1. d4 e5 2. dxe5 Nc6 3. Nf3 Qe7 4. Qd5 f6 5. exf6 Nxf6 6. Qd1 d5 7. e3 Bf5 8. Bd3 Ne4 9. O-O g6 10. Nd4 Nxd4 11.
exd4 Bg7 12. c3 O-O-O 13. f3 c5 14. fxe4 dxe4 15. Be2 cxd4 16. cxd4 Bxd4+ 17. Kh1 e3 18. Qe1 Rhf8 19. Nc3 Qe5 20. a4 Kb8 21. a5 Rc8 22. Qg3 Qxg3 23. hxg3 h5 24. Nb5 Bc5 25. b4 Bxb4 26.
Bxe3 a6 27. Bf4+ Ka8 28. Nc7+ Ka7 29. Bf3 g5 30. Be3+ Kb8 31. Nd5 Bd6 32. Bxg5 Bxg3 33. Ne7 Rf7 34. Nxc8 Kxc8 35. Bxh5 Rh7 36. Rxf5 Rxh5+ 37.
Kg1 Bh2+ 38. Kf2 Kb8 39. Bf4+ Bxf4 40. Rxh5 1-0

[Event "*** Titled Tuesday Blitz"]
[Site "Chess.com"]
[Date "2021.04.27"]
[Round "3"]
[White "AleksanderHnydiuk"]
[Black "LordIron"]
[Result "1-0"]
[WhiteElo "2547"]
[BlackElo "2269"]
[TimeControl "180+1"]
[EndTime "10:27:36 PDT"]
[Termination "AleksanderHnydiuk won on time"]

1. Nf3 g6 2. d4 Bg7 3. c4 d6 4. Nc3 Nd7 5. g3 e5 6. Bg2 Ne7 7. O-O O-O 8. e4 exd4 9. Nxd4 Ne5 10. b3 N7c6 11. Nde2 Bg4 12. f3 Be6 13. Be3 f5 14.
Rc1 h6 15. Nf4 Bf7 16. exf5 gxf5 17. Qd2 Kh7 18. Rfd1 Ne7 19. c5 dxc5 20. Bxc5 Qxd2 21. Rxd2 Rfe8 22. Nb5 N7c6 23. Nxc7 Rac8 24. Nxe8 Rxe8 25. Nd5 Rd8 26. Rcd1 f4 27. Nxf4 Rxd2 28. Rxd2 1-0

[Event "*** Titled Tuesday Blitz"]
[Site "Chess.com"]
[Date "2021.04.27"]
[Round "3"]
[White "Agoking701"]
[Black "NoboaKevin1999"]
[Result "0-1"]
[WhiteElo "2248"]
[BlackElo "2440"]
[TimeControl "180+1"]
[EndTime "10:27:36 PDT"]
[Termination "NoboaKevin1999 won on time"]

1. e4 e6 2. Nf3 d5 3. Nc3 Bb4 4.
exd5 exd5 5. d4 Nf6 6. Bd3 Bg4 7. h3 Bxf3 8. Qxf3 Nc6 9. Be3 O-O 10. a3 Be7 11.
O-O-O a6 12. g4 b5 13. g5 Ne8 14. h4 b4 15. Nxd5 bxa3 16. b3 Nd6 17. Kb1 a5 18. h5 Nb4 19. Nxb4 axb4 20. Qg3 Ra5 21. g6 Nf5 22. gxh7+ Kh8 23. Qg4 Nxe3 24. fxe3 Rg5 25. Qf4 Bd6 26. Qf2 Bg3 27. Qf3 Qd6 28. Rdg1 c5 29. Rh3 cxd4 30. Rhxg3 dxe3 31. Qxe3 Qf6 32. Qc1 a2+ 0-1

[Event "*** Titled Tuesday Blitz"]
[Site "Chess.com"]
[Date "2021.04.27"]
[Round "3"]
[White "jerry_77"]
[Black "chito89"]
[Result "1/2-1/2"]
[WhiteElo "2464"]
[BlackElo "2750"]
[TimeControl "180+1"]
[EndTime "10:27:37 PDT"]
[Termination "Game drawn by repetition"]

1. e4 c6 2. Nc3 d5 3. d4 dxe4 4.
Nxe4 Nd7 5. Qe2 e6 6. c3 Ngf6 7. Ng3 h5 8. Nf3 h4 9. Ne4 Nxe4 10. Qxe4 Nf6 11. Qc2 h3 12. gxh3 Qd5 13. Qe2 c5 14. Rg1 Bd7 15. Rg5 Qe4 16. Qxe4 Nxe4 17. Re5 Bc6 18.
d5 Bxd5 19. Bb5+ Kd8 20. c4 f6 21. cxd5 fxe5 22. dxe6 Bd6 23. Be3 Rxh3 24. Ke2 Ke7 25. Rg1 Rg8 26. Bd3 Nf6 27. Bg5 e4 28. Bxe4 Kxe6 29. Bxf6 Kxf6 30. Rg6+ Ke7 31. Bxb7 Rb8 32. Rxg7+ Kf6 33. Rd7 Ke6 34. Rg7 Kf6 35. Rd7 Ke6 36.
Rg7 Kf6 1/2-1/2

[Event "*** Titled Tuesday Blitz"]
[Site "Chess.com"]
[Date "2021.04.27"]
[Round "3"]
[White "RiskyDecision"]
[Black "miragha_yev"]
[Result "0-1"]
[WhiteElo "2513"]
[BlackElo "2733"]
[TimeControl "180+1"]
[EndTime "10:27:39 PDT"]
[Termination "miragha_yev won by resignation"]

1. d4 d5 2. c4 e6 3. Nf3 c6 4. Qc2 Nd7 5. g3 Bd6 6. Bg2 Ngf6 7. O-O O-O 8. b3 e5 9. dxe5 Nxe5 10. Bb2 Re8 11.
Rd1 Neg4 12. Nc3 Bc5 13. Nd4 Nxf2 14. Kxf2 Ng4+ 15. Kg1 Ne3 16. Qd3 dxc4 17. bxc4 Nxd1 18. Rxd1 Bg4 19. Kh1 Qxd4 20. Qxd4 Bxd4 21. Rxd4 Bxe2 22. Ne4 Rad8 23. Nd6 c5 24. Rd5 Bxc4 25. Re5 Rxe5 26. Bxe5 f6 27. Bxb7 Bxa2 28. Bxf6 Rxd6 29. Be5 0-1

[Event "*** Titled Tuesday Blitz"]
[Site "Chess.com"]
[Date "2021.04.27"]
[Round "3"]
[White "nicoderboss24"]
[Black "Pelopidass"]
[Result "0-1"]
[WhiteElo "2273"]
[BlackElo "2552"]
[TimeControl "180+1"]
[EndTime "10:27:39 PDT"]
[Termination "Pelopidass won by resignation"]

1. e4 e6 2. d4 d5 3. Bd3 c5 4. c3 Nc6 5. Nf3 cxd4 6. cxd4 Nb4 7. O-O Nxd3 8. Qxd3 dxe4 9. Qxe4 Nf6 10. Qh4 Be7 11.
Bg5 Bd7 12. Nc3 Bc6 13. Ne5 Bd5 14. Rfd1 O-O 15. Nxd5 Nxd5 16. Bxe7 Qxe7 17. Qe4 Rfc8 18. Rac1 Qg5 19. Nd3 b6 20. f4 Qh4 21. g3 Qd8 22.
Kh1 Nf6 23. Qe3 Qd5+ 24. Kg1 Qxa2 25. Qf3 Qd5 26. Qxd5 Nxd5 27. Ne5 f6 28. Nc6 Rc7 29. b4 a6 30. b5 axb5 0-1

[Event "*** Titled Tuesday Blitz"]
[Site "Chess.com"]
[Date "2021.04.27"]
[Round "3"]
[White "GregShahade"]
[Black "grunbergmihai"]
[Result "1-0"]
[WhiteElo "2669"]
[BlackElo "2427"]
[TimeControl "180+1"]
[EndTime "10:27:40 PDT"]
[Termination "GregShahade won by resignation"]

1. e4 Nf6 2. e5 Nd5 3. d4 d6 4.
Nf3 dxe5 5. Nxe5 c6 6. Be2 Nd7 7. Nf3 g6 8. O-O Bg7 9. c4 Nc7 10. Nc3 O-O 11. d5 cxd5 12. Nxd5 Nxd5 13. cxd5 Nb6 14.
Bg5 Nxd5 15. Qb3 Be6 16. Qxb7 Rb8 17. Qxa7 Rxb2 18. Bc4 Rc2 19. Rac1 Rxc1 20. Rxc1 f6 21. Be3 Bf7 22. Bc5 Qb8 23. Qxb8 Rxb8 24. a4 Rc8 25. Bb5 e5 26. a5 e4 27. Nd4 f5 28. Nc6 Nc3 29. Ne7+ Kh8 30. Nxc8 Nxb5 31. a6 Bd5 32. a7 Nc7 33. Nb6 Bb7 34. Bd6 Nb5 35. a8=Q+ Bxa8 36. Rc8+ 1-0

[Event "*** Titled Tuesday Blitz"]
[Site "Chess.com"]
[Date "2021.04.27"]
[Round "3"]
[White "elextranjero00"]
[Black "chessbia"]
[Result "1-0"]
[WhiteElo "2565"]
[BlackElo "2327"]
[TimeControl "180+1"]
[EndTime "10:27:41 PDT"]
[Termination "elextranjero00 won by checkmate"]

1. e4 e5 2. Nf3 Nc6 3. Bc4 Bc5 4. d3 Nf6 5. c3 O-O 6. Bg5 h6 7. Bh4 Be7 8. Nbd2 d6 9. a4 a5 10. Nf1 Be6 11. Bxe6 fxe6 12. Ne3 d5 13. Bxf6 Bxf6 14. Qb3 Qd6 15. exd5 Ne7 16. dxe6 Qxd3 17. Rd1 Qa6 18. Qc4 Qxc4 19. Nxc4 Nc6 20. Nfd2 Rfe8 21. Ne4 Rxe6 22. Ke2 Re7 23. Rd5 b6 24. Rhd1 Rae8 25. f3 Kf7 26.
Ne3 Re6 27. Rd7+ R8e7 28. Nf5 Rxd7 29. Rxd7+ Kg6 30. g4 Bd8 31. Rxg7# 1-0

[Event "*** Titled Tuesday Blitz"]
[Site "Chess.com"]
[Date "2021.04.27"]
[Round "3"]
[White "Skat2704"]
[Black "jefferyx"]
[Result "0-1"]
[WhiteElo "2685"]
[BlackElo "2992"]
[TimeControl "180+1"]
[EndTime "10:27:42 PDT"]
[Termination "jefferyx won by resignation"]

1. d4 Nf6 2. c4 c5 3. Nf3 cxd4 4.
Nxd4 e6 5. Nc3 a6 6. e4 Qc7 7. Be2 b6 8. O-O Bb7 9. Qc2 Be7 10.
Be3 O-O 11. Rad1 d6 12. f3 Nbd7 13. Rd2 Rac8 14. Rfd1 Qb8 15. b3 h5 16. Bf1 Bd8 17. Bf2 Bc7 18. g3 h4 19. Qb2 hxg3 20. hxg3 d5 21. Kg2 dxe4 22. fxe4 Nxe4 23. Nxe4 Bxe4+ 24. Kh2 Nf6 25. Bh3 Kh7 26. Qc3 Rh8 27. Kg1 Kg8 28. Bg2 Bxg2 29. Kxg2 Ne4 30. Qf3 Nxd2 31. Rxd2 Qa8 32.
Nc6 Bd8 33. Rxd8+ Rxd8 34. Ne7+ Kh7 0-1

[Event "*** Titled Tuesday Blitz"]
[Site "Chess.com"]
[Date "2021.04.27"]
[Round "3"]
[White "WuinaterJr"]
[Black "Rodalquilar"]
[Result "0-1"]
[WhiteElo "2538"]
[BlackElo "2763"]
[TimeControl "180+1"]
[EndTime "10:27:43 PDT"]
[Termination "Rodalquilar won by resignation"]

1. e4 d5 2. exd5 Qxd5 3. Nc3 Qa5 4. d4 Nf6 5. Nf3 Bf5 6. Bc4 e6 7. O-O Bb4 8. Bd2 Nc6 9. a3 Bxc3 10. Bxc3 Qb6 11.
Qe2 O-O 12. h3 Rad8 13. Rad1 Rfe8 14. b3 Be4 15. Rfe1 h6 16. Bb2 a5 17. a4 Nb4 18. c3 Nbd5 19. Ne5 Bxg2 20. Qd2 Bxh3 21. Kh2 Bf5 22. Rg1 Qd6 23. f3 Kh8 24. Rg3 Bg6 25.
Rdg1 Nh5 26. Rg4 Ndf6 27. Rh4 Qxe5+ 28. f4 Qf5 0-1

[Event "*** Titled Tuesday Blitz"]
[Site "Chess.com"]
[Date "2021.04.27"]
[Round "3"]
[White "Vigorito-NE"]
[Black "Korchmar_Vasiliy"]
[Result "0-1"]
[WhiteElo "2389"]
[BlackElo "2697"]
[TimeControl "180+1"]
[EndTime "10:27:45 PDT"]
[Termination "Korchmar_Vasiliy won by resignation"]

1. d4 Nf6 2. c4 c6 3. Nf3 d5 4. Nc3 a6 5. e3 e6 6. b3 Bb4 7. Bd2 Nbd7 8. Bd3 O-O 9. O-O Qe7 10.
Qc2 e5 11. dxe5 Nxe5 12. Nxe5 Qxe5 13. cxd5 cxd5 14. Ne2 Bd6 15. Ng3 h5 16. Bc3 Qe7 17. Nf5 Bxf5 18. Bxf5 Be5 19. Bd4 g6 20. Bd3 Bxd4 21.
exd4 Qb4 22. Rad1 Rac8 23. Qe2 Kg7 24. Qe3 Rfe8 25. Qf4 Qa3 26. Rd2 Rc1 27. g3 Rxf1+ 28. Bxf1 Qc1 29. Kg2 Re4 30. Qg5 Rxd4 31. Qxf6+ Kxf6 32. Rxd4 Qc3 33. Rd3 Qc2 34. a4 Ke5 35. Re3+ Kd6 36.
h4 d4 37. Rf3 Qe4 38. Bd3 Qc6 0-1

[Event "*** Titled Tuesday Blitz"]
[Site "Chess.com"]
[Date "2021.04.27"]
[Round "3"]
[White "WiktoriaPOL"]
[Black "elohunter1999"]
[Result "0-1"]
[WhiteElo "2045"]
[BlackElo "2484"]
[TimeControl "180+1"]
[EndTime "10:27:45 PDT"]
[Termination "elohunter1999 won by checkmate"]

1. e4 c5 2. d4 cxd4 3. c3 dxc3 4.
Nxc3 Nc6 5. Nf3 d6 6. Bc4 a6 7. O-O Nf6 8. Re1 Bg4 9. h3 Bxf3 10. Qxf3 e6 11. Bg5 Be7 12. Rad1 Qb8 13. Qg3 Ne5 14. Bb3 O-O 15. f4 Ng6 16. e5 dxe5 17. fxe5 Nh5 18. Qg4 Bxg5 19. Qxg5 Qa7+ 20. Kh2 Nhf4 21. Rf1 h6 22.
Qg4 Qe3 23. Rde1 Qd2 24. Ne4 Qxb2 25. Rxf4 Nxf4 26. Qxf4 Rac8 27. Re3 Qc1 28. Qf2 Qa1 29. Nf6+ Kh8 30. Re1 Qc3 31. Ng4 Rcd8 32. Re3 Rd3 33. Re2 Qd4 34. Qh4 Qf4+ 35. Kh1 Rfd8 36. Rf2 Rd1+ 37.
Bxd1 Rxd1+ 38. Rf1 Rxf1# 0-1

[Event "*** Titled Tuesday Blitz"]
[Site "Chess.com"]
[Date "2021.04.27"]
[Round "3"]
[White "gross-aleks"]
[Black "K_A_S_T_O_R"]
[Result "1-0"]
[WhiteElo "2575"]
[BlackElo "2773"]
[TimeControl "180+1"]
[EndTime "10:27:46 PDT"]
[Termination "gross-aleks won by resignation"]

1. d4 Nf6 2. c4 e6 3. Nc3 Bb4 4. e3 O-O 5. Ne2 Re8 6. a3 Bf8 7. Nf4 d6 8. Be2 Nbd7 9. O-O c6 10. Nh5 Nxh5 11. Bxh5 Nf6 12. Bf3 e5 13. e4 a5 14.
d5 Bd7 15. Be3 cxd5 16. cxd5 b5 17. b4 axb4 18. axb4 Qc7 19. Qd3 Rec8 20. Rxa8 Rxa8 21. Rc1 Qb7 22. Be2 Ne8 23. Nxb5 Ra4 24. Rb1 Nf6 25. f3 Ra2 26. Nc3 Ra3 27. b5 Be7 28. Qc4 Nh5 29. Qb4 Ra8 30. b6 Nf4 31. Bf1 Bg5 32. Bf2 Be7 33. Nb5 Ra2 34. Nxd6 Qb8 35. Bc5 Rc2 36.
Nb7 Bg5 37. Na5 h5 38. Bd6 Qd8 39. Bxe5 Nh3+ 40. gxh3 Be3+ 41. Kh1 Qg5 42. Bg3 h4 43. b7 hxg3 44. b8=Q+ Kh7 45. Qxg3 Qh6 46. Bd3 Bf4 47. e5+ g6 48. Qbxf4 1-0

[Event "*** Titled Tuesday Blitz"]
[Site "Chess.com"]
[Date "2021.04.27"]
[Round "3"]
[White "Piccadilly123"]
[Black "Lenyas66"]
[Result "0-1"]
[WhiteElo "2265"]
[BlackElo "2484"]
[TimeControl "180+1"]
[EndTime "10:27:48 PDT"]
[Termination "Lenyas66 won by resignation"]

1. e4 c5 2. c3 e6 3. d4 d5 4. exd5 exd5 5. Nf3 Nc6 6. Bb5 Bd6 7. O-O Ne7 8. Nbd2 cxd4 9. Nxd4 O-O 10. N2b3 Qc7 11. h3 Ne5 12. Bf4 N7g6 13. Bg3 a6 14. Be2 f5 15. f4 Nc4 16. Qc1 Re8 17. Bf3 Ne3 18.
Re1 Bxf4 19. Bxf4 Qxf4 20. Bxd5+ Kf8 21. Bf3 Nh4 22. Nc5 g5 23. Nde6+ Bxe6 24. Qxe3 Nxf3+ 25.
Qxf3 Qxf3 26. gxf3 Bd5 27. Kf2 Kf7 28. Rad1 Bc6 29.
Nd3 Kf6 30. c4 Rxe1 31. Rxe1 Rd8 32. Rd1 Rd4 33. b3 f4 34. Nb2 Ke5 35. b4 Rxd1 36. Nxd1 Kd4 37. c5 Bd5 38. a3 Kd3 39. Nb2+ Kc3 40.
Na4+ Kb3 41. Nb6 Bc6 42. a4 Kxb4 0-1

[Event "*** Titled Tuesday Blitz"]
[Site "Chess.com"]
[Date "2021.04.27"]
[Round "3"]
[White "woodhy"]
[Black "moro182"]
[Result "0-1"]
[WhiteElo "2504"]
[BlackElo "2717"]
[TimeControl "180+1"]
[EndTime "10:27:49 PDT"]
[Termination "moro182 won on time"]

1. e4 e5 2. Nf3 Nc6 3. Nc3 Nf6 4. a3 g6 5. Bc4 Bg7 6. O-O O-O 7. Re1 d6 8. h3 h6 9. b4 Nh5 10. d3 Nf4 11. Nd5 g5 12. Bb2 Kh7 13. d4 g4 14.
Nxf4 gxf3 15. Nh5 fxg2 16. Nxg7 Kxg7 17. dxe5 dxe5 18. Re3 Qh4 19. Rg3+ Kh7 20. Qf3 Be6 21.
Bd5 Rad8 22. Bxc6 bxc6 23. Bxe5 f6 24. Bxc7 Rd7 25. Bf4 Rg8 26. Kxg2 Qxh3+ 27. Kg1 Rdg7 28. Rd1 Bg4 0-1

[Event "*** Titled Tuesday Blitz"]
[Site "Chess.com"]
[Date "2021.04.27"]
[Round "3"]
[White "SilviusTiberius"]
[Black "c_r_e_e_p_e_r"]
[Result "1-0"]
[WhiteElo "2604"]
[BlackElo "2398"]
[TimeControl "180+1"]
[EndTime "10:27:50 PDT"]
[Termination "SilviusTiberius won by checkmate"]

1. e4 c5 2. Nf3 e6 3. d4 cxd4 4. Nxd4 Nf6 5. Nc3 Nc6 6. Nxc6 bxc6 7. e5 Nd5 8. Ne4 Qc7 9. f4 Rb8 10. a3 Ba6 11. c4 Nb6 12. Nd6+ Bxd6 13. exd6 Qd8 14.
Qd4 O-O 15. b4 c5 16. bxc5 Na4 17. Bd3 Qa5+ 18. Bd2 Qxc5 19. Qe4 f5 20. Qe5 Qc6 21. O-O Rb2 22. Rf2 Bxc4 23. Rc1 Rxd2 24. Rxd2 Qb6+ 25. Kh1 Bd5 26. Rdc2 Qb7 27. Bf1 Nb6 28. Rc7 Qa8 29. R1c3 Rf7 30. a4 Rf8 31. a5 Na4 32. Rxd7 Rf7 33. Rxf7 Kxf7 34. Rc7+ Kg6 35. Qxg7+ Kh5 36. Qg5# 1-0

[Event "*** Titled Tuesday Blitz"]
[Site "Chess.com"]
[Date "2021.04.27"]
[Round "3"]
[White "Willhaven3"]
[Black "poppy73"]
[Result "1-0"]
[WhiteElo "2502"]
[BlackElo "2179"]
[TimeControl "180+1"]
[EndTime "10:27:50 PDT"]
[Termination "Willhaven3 won on time"]

1. d4 Nf6 2. Nf3 g6 3. c4 Bg7 4.
Nc3 d6 5. e4 O-O 6. Be2 e5 7.
Be3 Ng4 8. Bg5 f6 9. Bh4 h5 10.
h3 Nh6 11. d5 a5 12. Nd2 Na6 13. a3 Bd7 14. Rb1 c5 15. dxc6 bxc6 16. b4 axb4 17. axb4 Rb8 18. b5 cxb5 19. cxb5 Nc5 20. Nc4 Be6 21.
Qxd6 Qxd6 22. Nxd6 Rfd8 23. Nc4 Rd4 24. Nd2 Rbd8 25.
Nf3 R4d7 26. O-O Bb3 27. Rxb3 Nxb3 28. Bc4+ Kh7 29. Nd5 g5 30. Bg3 Nc5 31. Nd2 Nf7 32. f3 Nd6 33. Be2 Rb7 34. Rb1 Rdb8 35. Bf2 Nd7 36.
b6 Nc8 37. Ba6 1-0

[Event "*** Titled Tuesday Blitz"]
[Site "Chess.com"]
[Date "2021.04.27"]
[Round "3"]
[White "dosto07"]
[Black "salomez"]
[Result "1-0"]
[WhiteElo "2312"]
[BlackElo "2107"]
[TimeControl "180+1"]
[EndTime "10:27:51 PDT"]
[Termination "dosto07 won by resignation"]

1. e4 c5 2. Nf3 e6 3. c3 Nf6 4. e5 Nd5 5. Bc4 d6 6. d4 cxd4 7.
cxd4 Be7 8. O-O O-O 9. Qe2 Nc6 10.
Rd1 Bd7 11. Bxd5 exd5 12. Nc3 Be6 13. Bf4 Rc8 14. exd6 Bxd6 15. Bxd6 Qxd6 16. Ne5 Rfe8 17. Nxc6 Rxc6 18. Qd2 a6 19. Re1 b5 20. h3 h6 21. Re3 Rec8 22. a3 b4 23. axb4 Qxb4 24. Rae1 a5 25. Rg3 Kh8 26. Re5 Rc4 27. Rh5 Qf8 28.
Nxd5 Rc1+ 29. Kh2 R1c2 30. Qf4 Rxb2 31. Qe5 Kh7 32. Rxh6+ Kxh6 33. Qg5+ Kh7 34. Qh5+ 1-0

[Event "*** Titled Tuesday Blitz"]
[Site "Chess.com"]
[Date "2021.04.27"]
[Round "3"]
[White "ExtremeLearner"]
[Black "IMRosen"]
[Result "0-1"]
[WhiteElo "2425"]
[BlackElo "2674"]
[TimeControl "180+1"]
[EndTime "10:27:53 PDT"]
[Termination "IMRosen won by resignation"]

1. d4 d5 2. Bf4 Nf6 3. e3 c5 4.
c3 Nc6 5. Nd2 Bf5 6. Qb3 Qb6 7.
Qxb6 axb6 8. Bc7 Nd7 9. Bb5 e6 10. Ngf3 Be7 11. Ne5 Ndxe5 12. dxe5 Bd8 13. Bd6 Be7 14.
Bc7 Bd8 15. Bd6 f6 16. h3 Be7 17. Bc7 Bd8 18. Bd6 fxe5 19. Bxe5 Bf6 20. Bc7 Bd8 21.
Be5 O-O 22. g4 Nxe5 23. gxf5 Rxf5 24. e4 Rf4 25. a4 Bh4 26. O-O-O dxe4 27. Nc4 Nd3+ 28.
Rxd3 exd3 29. Nxb6 Rd8 30. Rd1 Bg5 31. Kb1 d2 32.
Bd7 Rxf2 33. Bxe6+ Kh8 34. Bd5 Rf6 35. a5 Rxb6 36.
axb6 Rxd5 37. Kc2 c4 38. Ra1 h5 39. Kd1 Rb5 40. Ra8+ Kh7 0-1

[Event "*** Titled Tuesday Blitz"]
[Site "Chess.com"]
[Date "2021.04.27"]
[Round "3"]
[White "LifeIsAllAboutChess23"]
[Black "ChronicUnhappiness"]
[Result "1-0"]
[WhiteElo "2200"]
[BlackElo "2321"]
[TimeControl "180+1"]
[EndTime "10:27:54 PDT"]
[Termination "LifeIsAllAboutChess23 won by resignation"]

1. d4 Nf6 2. Bg5 e6 3. Nd2 h6 4. Bh4 d5 5. e3 b6 6. f4 Bb7 7.
Ngf3 Nbd7 8. Ne5 Be7 9. Bd3 Ne4 10. Bxe7 Qxe7 11. O-O Nxe5 12. fxe5 O-O-O 13. Bxe4 dxe4 14. Qg4 f5 15. exf6 gxf6 16. Qh4 Rdf8 17. Nxe4 Qg7 18. Ng3 Rhg8 19. Rf2 f5 20. Raf1 Qd7 21. c3 Rg4 22.
Qxg4 Qh7 23. Qh4 Rg8 24. Rf4 Rg5 25. R1f2 Qg6 26. c4 a5 27. d5 exd5 28. Rxf5 dxc4 29. Rxg5 hxg5 30. Rf8+ Kd7 31. Qd4+ Ke6 32. e4 b5 33.
Rf5 Bc6 34. Qe5+ Kd7 35. Rxg5 Qf7 36. Rg7 1-0

[Event "*** Titled Tuesday Blitz"]
[Site "Chess.com"]
[Date "2021.04.27"]
[Round "3"]
[White "ehrenfeld"]
[Black "UmbertoConcelli"]
[Result "1-0"]
[WhiteElo "2524"]
[BlackElo "2813"]
[TimeControl "180+1"]
[EndTime "10:27:55 PDT"]
[Termination "ehrenfeld won by resignation"]

1. e4 c5 2. Nf3 d6 3. Bc4 Nc6 4. c3 Nf6 5. d3 e6 6. Bb3 Be7 7.
O-O O-O 8. Re1 b5 9. d4 cxd4 10.
cxd4 Bb7 11. Nc3 b4 12. Na4 Na5 13. Bc2 d5 14. e5 Ne4 15. Nd2 Nxd2 16. Bxd2 Rc8 17. b3 Ba6 18. Rc1 Rc6 19. Qh5 g6 20. Qh6 Re8 21. Nc5 Bf8 22. Qh3 Nb7 23. Nxa6 Rxa6 24. Bb1 Na5 25. Bd3 Rb6 26. Qg3 Nc6 27. Qf4 Qd7 28. h4 Rbb8 29. h5 Rec8 30. hxg6 hxg6 31.
g3 Ne7 32. Kg2 Nf5 33. Rh1 Rxc1 34. Bxc1 Bg7 35. g4 Ne7 36. Qh2 Kf8 37. Bh6 Ng8 38. Bxg7+ Kxg7 39. Qh8+ Kf8 40. Rh7 Qe8 41. Bxg6 Rb7 42.
Qg7+ 1-0

[Event "*** Titled Tuesday Blitz"]
[Site "Chess.com"]
[Date "2021.04.27"]
[Round "3"]
[White "mac0504"]
[Black "Orest_Vovk"]
[Result "1-0"]
[WhiteElo "2593"]
[BlackElo "2364"]
[TimeControl "180+1"]
[EndTime "10:27:56 PDT"]
[Termination "mac0504 won on time"]

1. Nf3 Nc6 2. b3 e5 3. e4 Bc5 4. Bb2 d6 5. Bb5 Nf6 6. O-O Bd7 7. c3 O-O 8. d4 Bb6 9. Re1 Re8 10. d5 Ne7 11. Bxd7 Qxd7 12. h3 Ng6 13. Nbd2 Nf4 14.
Nc4 h6 15. a4 a6 16. Nxb6 cxb6 17. Bc1 b5 18. Bxf4 exf4 19. axb5 Qxb5 20. Nd4 Qc5 21.
Qf3 Nd7 22. Qxf4 Ne5 23. Nf5 g6 24. Nxh6+ Kg7 25. Ng4 Nxg4 26. hxg4 Qxc3 27. Rac1 Qe5 28. Qxe5+ Rxe5 29. Rc7 b5 30. f4 Ree8 31. e5 Rad8 32. e6 Rc8 33. Rxf7+ Kg8 34. f5 a5 35. f6 a4 36. bxa4 bxa4 37. Ra7 Ra8 38. f7+ 1-0

[Event "*** Titled Tuesday Blitz"]
[Site "Chess.com"]
[Date "2021.04.27"]
[Round "3"]
[White "Sueetin"]
[Black "Matols"]
[Result "0-1"]
[WhiteElo "2510"]
[BlackElo "2264"]
[TimeControl "180+1"]
[EndTime "10:27:56 PDT"]
[Termination "Matols won by resignation"]

1. d4 Nf6 2. c4 e6 3. Nf3 b6 4. a3 Bb7 5. Bf4 Be7 6. Nc3 O-O 7. d5 a5 8. e4 Na6 9. e5 Ne8 10. Bd3 d6 11. O-O dxe5 12. Nxe5 exd5 13. cxd5 Nc5 14. Bc2 Nf6 15. Nc6 Bxc6 16. dxc6 Ne6 17. Be3 Bc5 18.
Bxc5 Nxc5 19. b4 axb4 20. axb4 Rxa1 21. Qxa1 Ne6 22. Rd1 Qe7 23. b5 Qc5 24. Qb2 Nd4 25. Na4 Ne2+ 26. Kf1 Qh5 27. h3 Nf4 28. Qd4 Qe2+ 29.
Kg1 Qxc2 30. Rd2 Ne2+ 31. Kh2 Nxd4 0-1

[Event "*** Titled Tuesday Blitz"]
[Site "Chess.com"]
[Date "2021.04.27"]
[Round "3"]
[White "Homino"]
[Black "BrandonJacobson"]
[Result "0-1"]
[WhiteElo "2337"]
[BlackElo "2943"]
[TimeControl "180+1"]
[EndTime "10:27:59 PDT"]
[Termination "BrandonJacobson won on time"]

1. e4 c5 2. Nf3 Nc6 3. d4 cxd4 4.
Nxd4 Nf6 5. Nc3 d6 6. Be2 e5 7.
Nf3 h6 8. O-O Be7 9. h3 O-O 10.
Re1 Be6 11. Bf1 Qc7 12. Nb5 Qb8 13. c4 Rc8 14. b3 a6 15. Nc3 b5 16. cxb5 Na7 17.
Nd5 Bxd5 18. exd5 Nxb5 19. Bb2 Nc3 20. Bxc3 Rxc3 21. Bc4 Bd8 22. Re2 Bb6 23. Nd2 Bd4 24. Rb1 Qc8 25. Nf3 Rxf3 26. gxf3 Qxh3 27. Rd2 Nh5 28.
Bf1 Qg3+ 29. Bg2 Nf4 30. Qf1 Bxf2+ 31. Rxf2 Nh3+ 32. Kh1 Nxf2+ 33. Kg1 Nh3+ 34. Kh1 Nf4 35. Rb2 Rc8 36. Qf2 Rc1+ 37. Bf1 Qh3+ 38. Kg1 Qf5 39. Kh2 Qh5+ 40. Kg3 g5 41. Qh2 Qxh2+ 42. Kxh2 Rxf1 43. Rc2 Rxf3 44. Rc6 g4 45. Rxd6 g3+ 0-1

[Event "*** Titled Tuesday Blitz"]
[Site "Chess.com"]
[Date "2021.04.27"]
[Round "3"]
[White "noblerone"]
[Black "MIJuanReyesRosa"]
[Result "1-0"]
[WhiteElo "2384"]
[BlackElo "2023"]
[TimeControl "180+1"]
[EndTime "10:27:59 PDT"]
[Termination "noblerone won on time"]

1. d4 e6 2. Nf3 c5 3. c3 Nf6 4. Bg5 Be7 5. e3 h6 6. Bh4 Nc6 7. Bd3 Qb6 8. Qc2 O-O 9. O-O d5 10. Nbd2 Bd7 11. Ne5 Rfd8 12. f4 Rac8 13. Qb3 cxd4 14. exd4 Na5 15. Qxb6 axb6 16. Nxd7 Rxd7 17. Bb5 Rdc7 18. Rae1 Nc4 19. Nxc4 dxc4 20. f5 exf5 21. Rxf5 Rd8 22. Bg3 Rcc8 23. a3 Nd5 24. Ba4 Bf6 25.
Bc2 g6 26. Rff1 Kg7 27. h3 Re8 28. Bd6 1-0

[Event "*** Titled Tuesday Blitz"]
[Site "Chess.com"]
[Date "2021.04.27"]
[Round "3"]
[White "ajedrez1101"]
[Black "Pantata007"]
[Result "1/2-1/2"]
[WhiteElo "2159"]
[BlackElo "2322"]
[TimeControl "180+1"]
[EndTime "10:27:59 PDT"]
[Termination "Game drawn by repetition"]

1. b3 e5 2. Bb2 Nc6 3. e3 Nf6 4. Bb5 Bd6 5. Bxc6 dxc6 6. d3 O-O 7. Nd2 Qe7 8. e4 Bg4 9. Ngf3 Nd7 10. h3 Bh5 11. g4 Bg6 12. O-O h5 13. Nc4 hxg4 14. hxg4 Rfe8 15. Ne3 Nf8 16. Nf5 Bxf5 17. gxf5 g6 18.
Qd2 gxf5 19. Qh6 Qe6 20. Qg5+ Qg6 21. exf5 Qxg5+ 22. Nxg5 f6 23. Ne4 Kf7 24. Kg2 Nd7 25. Rh1 Rg8+ 26. Kf3 Rg7 27. Rh6 Rag8 28. Rah1 Be7 29. a4 Nb6 30. Bc1 Nd5 31. Bd2 b6 32. a5 c5 33. Rh7 Nb4 34. Bxb4 cxb4 35. a6 c5 36. Rxg7+ Rxg7 37. Rh8 Bf8 38. Rh6 Be7 39. Rh8 Bf8 40. Ng3 Be7 41. Ne4 1/2-1/2

[Event "*** Titled Tuesday Blitz"]
[Site "Chess.com"]
[Date "2021.04.27"]
[Round "3"]
[White "TigrVShlyape"]
[Black "Fighterman91"]
[Result "1/2-1/2"]
[WhiteElo "2835"]
[BlackElo "2624"]
[TimeControl "180+1"]
[EndTime "10:28:00 PDT"]
[Termination "Game drawn by repetition"]

1. e4 c5 2. Nf3 d6 3. d4 cxd4 4.
Nxd4 Nf6 5. Nc3 a6 6. a4 e5 7. Nf3 Be7 8. Bc4 O-O 9. O-O Be6 10.
Qe2 h6 11. Rd1 Nc6 12. Nd5 Rc8 13. c3 Bxd5 14. Bxd5 Nxd5 15. Rxd5 Qc7 16. Be3 Na5 17. Nd2 Nc4 18. Nxc4 Qxc4 19. Qxc4 Rxc4 20. f3 f5 21.
exf5 Rxf5 22. Rd3 Kf7 23. b3 e4 24. fxe4 Rxe4 25. Bd4 d5 26. Rf1 Rxf1+ 27. Kxf1 g6 28. Be3 h5 29. Bd4 Ke6 30. Rg3 g5 31. Rh3 h4 32.
Re3 Rxe3 33. Bxe3 Kf5 34. h3 g4 35. hxg4+ Kxg4 36. Bd4 Kf4 37. Kf2 Ke4 38. Ke2 Bg5 39. Bf2 b5 40. axb5 axb5 41. Be1 Bf6 42. Bd2 Be5 43.
Be1 Bf6 44. Bd2 Be7 45. Be1 Bf6 1/2-1/2

[Event "*** Titled Tuesday Blitz"]
[Site "Chess.com"]
[Date "2021.04.27"]
[Round "3"]
[White "Oleksandr_Bortnyk"]
[Black "MatyChess1"]
[Result "1-0"]
[WhiteElo "2963"]
[BlackElo "2673"]
[TimeControl "180+1"]
[EndTime "10:28:03 PDT"]
[Termination "Oleksandr_Bortnyk won by resignation"]

1. e4 c5 2. Nf3 d6 3. c3 Nf6 4.
h3 g6 5. Bd3 Bg7 6. Bc2 O-O 7.
d4 cxd4 8. cxd4 e5 9. O-O Nc6 10. d5 Nb4 11. Bb3 Nxe4 12. Qe1 Nd3 13. Qxe4 Bf5 14.
Qe2 e4 15. Nh2 Nxc1 16. Rxc1 Qg5 17. Nc3 Rfe8 18. Qe3 Qh4 19. Re1 Bh6 20. Qg3 Qd8 21. Nb5 Bf8 22. Rac1 Rc8 23. Rxc8 Bxc8 24. Ng4 h5 25.
Ne3 Bg7 26. Qxd6 Qg5 27. Qg3 Qd8 28. Nc4 h4 29. Qf4 g5 30. Qc7 Bd7 31. Qxd8 Rxd8 32. Nbd6 f5 33. Nxb7 Rb8 34. Nc5 Kf8 35. Nxd7+ 1-0